 Dungeon Crawl Stone Soup version 0.22-a0-815-gb582571 (webtiles) character file.

21629 Amnesiac the Geomancer (level 12, -2/83 HPs)
             Began as a Mummy Earth Elementalist on July 23, 2018.
             Was a High Priest of Vehumet.
             Slain by an orc warlord
             ... wielding a +2 halberd of flaming
              (9 damage)
             ... on level 2 of the Orcish Mines.
             The game lasted 00:37:53 (18909 turns).

Amnesiac the Geomancer (Mummy Earth Elementalist)  Turns: 18909, Time: 00:37:53

Health: -2/83      AC:  8    Str: 19    XL:     12   Next: 55%
Magic:  29/29      EV: 13    Int: 21    God:    Vehumet [*****.]
Gold:   1681       SH:  5    Dex: 15    Spells: 16/37 levels left

rFire    . . .     SeeInvis .   a - +1 fustibalus (venom)
rCold    + . .     Gourm    .   y - +0 buckler
rNeg     + + +     Faith    .   B - +1 ring mail {rF+}
rPois    ∞         Spirit   .   x - +0 hat {Int+3}
rElec    .         Reflect  .   z - +0 cloak
rCorr    .         Harm     .   k - +0 pair of gloves
MR       +....                  (no boots)
Stlth    +.........             (no amulet)
HPRegen  0.23/turn              l - +6 ring of strength
MPRegen  0.21/turn              G - +3 ring of dexterity (curse)

@: no status effects
A: no food or potions, fire vulnerability, cold resistance 1, negative energy
resistance 3, torment resistance, unbreathing
a: Renounce Religion


You were on level 2 of the Orcish Mines.
You worshipped Vehumet.
Vehumet was extremely pleased with you.
You were not hungry.

You visited 3 branches of the dungeon, and saw 14 of its levels.
You also visited: Labyrinth and Ossuary.

You collected 1681 gold pieces.

Inventory:

Hand Weapons
 a - a +1 fustibalus of venom (weapon)
 q - a +0 short sword of draining
 r - a +0 hunting sling
 E - the cursed +2 whip "Diusuj" {freeze, rElec Str+3 Dex+2, unknown}
   (You found it in a labyrinth)

   It has been specially enchanted to freeze those struck by it, causing extra
   injury to most foes and up to half again as much damage against particularly
   susceptible opponents.
   It can also slow down cold-blooded creatures.
   It affects your strength (+3).
   It affects your dexterity (+2).
   It insulates you from electricity.
   It has a curse placed upon it.
Missiles
 m - 176 stones
 o - 11 sling bullets (quivered)
 I - 4 needles of frenzy
Armour
 d - the +5 chain mail of Maopamao {+Inv Regen+}
   (You found it on level 4 of the Dungeon)

   It lets you turn invisible.
   It increases your rate of regeneration.
 k - a +0 pair of gloves (worn)
 x - a +0 hat of intelligence (worn)
 y - a +0 buckler (worn)
 z - a +0 cloak (worn)
 A - +0 acid dragon scales
 B - a +1 ring mail of fire resistance (worn)
 H - a +2 robe of magic resistance
Jewellery
 l - a +6 ring of strength (left hand)
 G - a cursed +3 ring of dexterity (right hand)
Wands
 e - a wand of iceblast (12)
 g - a wand of polymorph (2)
 i - a wand of flame (64)
 n - a wand of digging (10)
 t - a wand of scattershot (7)
 w - a wand of random effects (26)
 C - a wand of disintegration (14)
 F - a wand of clouds (1)
Scrolls
 b - a scroll of remove curse {!r}
 f - 4 scrolls of teleportation {!r}
 h - 3 scrolls of amnesia {!r}
 j - a scroll of enchant weapon {!r}
 u - 3 scrolls of identify {!r}
 v - a scroll of summoning {!r}


   Skills:
 - Level 4.0 Fighting
 - Level 4.0 Dodging
 - Level 1.5 Stealth
 - Level 4.0 Shields
 + Level 13.0 Spellcasting
 - Level 0.7 Transmutations
 * Level 13.0 Earth Magic
 - Level 4.0 Evocations


You had 16 spell levels left.
You knew the following spells:

 Your Spells              Type           Power        Failure   Level  Hunger
a - Sandblast             Erth           ######       1%          1    N/A
b - Passwall              Tmut/Erth      #####...     1%          2    N/A
c - Stone Arrow           Conj/Erth      #####.       1%          3    N/A
d - Lee's Rapid Deconstr  Erth           ######....   1%          5    N/A
e - Petrify               Tmut/Erth      #####...     4%          4    N/A
f - Summon Small Mammal   Summ           ##..         9%          1    N/A
g - Irradiate             Conj/Tmut      ###.......   43%         5    N/A

Your spell library contained the following spells:

 Spells                   Type           Power        Failure   Level  Hunger
 Fireball                 Conj/Fire      ##........   47%         5    N/A
 Apportation              Tloc           ##....       9%          1    N/A
 Bolt of Fire             Conj/Fire      ##........   95%         6    N/A
 Ring of Flames           Chrm/Fire      ##........   100%        7    N/A
 Animate Skeleton         Necr           N/A          9%          1    N/A
 Spider Form              Tmut/Pois      ###.......   22%         3    N/A
 Blade Hands              Tmut           ###.......   86%         5    N/A
 Ice Form                 Ice/Tmut       ###.....     56%         4    N/A
 Confusing Touch          Hex            ##....       9%          1    N/A
 Ignite Poison            Fire/Tmut/Pois ##......     6%          3    N/A
 Sticks to Snakes         Tmut           ###.....     10%         2    N/A
 Beastly Appendage        Tmut           ###...       6%          1    N/A
 Ignition                 Fire           ##........   100%        8    N/A

Dungeon Overview and Level Annotations

Branches:
Dungeon (11/15)            Temple (1/1) D:5            Lair (0/6) D:11
    Orc (2/2) D:10            Elf (0/3) Orc:2

Altars:
Ashenzari
Cheibriados
Dithmenos
Elyvilon
Fedhas
Gozag
Hepliaklqana
Kikubaaqudgha
Makhleb
Nemelex Xobeh
Okawaru
Qazlal
Ru
Sif Muna
Trog
Uskayaw
Vehumet
Wu Jian
Xom
Yredelemnul
Zin
The Shining One

Shops:
D:8 (   D:10 [   Orc:1 =

Annotations:
D:7 emiel's ghost, novice TrWz


Innate Abilities, Weirdness & Mutations

You do not eat or drink.
Your flesh is vulnerable to fire.
You are immune to poison.
Your flesh is cold resistant. (rC+)
You are immune to negative energy. (rN+++)
You are immune to unholy pain and torment.
You can survive without breathing.


Message History

There is a stone staircase leading up here.
You climb upwards.
There is a stone staircase leading down here.
o - 4 sling bullets (gained 1)
o - 5 sling bullets (gained 1)
o - 7 sling bullets (gained 2)
You now have 1415 gold pieces (gained 18).
You see here a spear.
o - 8 sling bullets (gained 1)
You see here a whip.
Items here: ))) [ a flail; a short sword; a robe; a dagger
o - 9 sling bullets (gained 1)
Items here: )) [[ a leather armour; a hand axe; a chain mail; a dire flail
Items here: ))) [ a flail; a short sword; a robe; a dagger You now have 1443 gold pieces (gained 28).
Things that are here:
a robe; a dagger
Things that are here:
a halberd; a scale mail; a club Key pressed, stopping explore.
You now have 1474 gold pieces (gained 31).
You now have 1538 gold pieces (gained 64).
Things that are here:
a robe; a dagger You now have 1562 gold pieces (gained 24).
You now have 1588 gold pieces (gained 26).
Key pressed, stopping explore.
You now have 1613 gold pieces (gained 25).
You now have 1628 gold pieces (gained 15).
You now have 1642 gold pieces (gained 14).
o - 10 sling bullets (gained 1)
o - 11 sling bullets (gained 1) Key pressed, stopping explore.
You now have 1665 gold pieces (gained 23).
You now have 1681 gold pieces (gained 16).
Done exploring.
Done exploring.
Done exploring.
Done exploring.
Done exploring.
Unknown command.
Things that are here:
a halberd; a scale mail; a club
Things that are here:
a robe; a dagger
There is a stone staircase leading down here.
Okay, then.
You climb downwards.
The orc warlord hits you with a halberd of flaming!!
The orc warlord burns you!
The orc warlord hits you with a halberd of flaming!!
* * * LOW HITPOINT WARNING * * *
The orc warlord burns you.
* * * LOW HITPOINT WARNING * * *
There is a stone staircase leading up here.
Really read
f - 4 scrolls of teleportation {!r}?
Okay, then.
The orc warlord hits you from afar with a halberd of flaming!!
* * * LOW HITPOINT WARNING * * *
The orc warlord burns you!
You die...

#..o#.## ####.[##
.....## ####.####[##
..#.## ##.#)[[##)[[##
.#######....[..).[#[##
.##.#.#.#............#
.#.......#.......##.##
###.#...............##
*#.............#.....#
##.............@....#
##......#......<...#
#.............o...#
##...............##
##.#............##
###.........[.....##
##.#....#...[.......#*
#(.....#...).........#
##[..................#


You could see an orc warlord.

Vanquished Creatures
  Gastronok (D:10)
  A minotaur (Lab)
  Josephine (Orc:2)
  Harold (D:10)
  A two-headed ogre (D:10)
  2 orc high priests (Orc:2)
  An unseen horror (D:10)
  2 oklob plants (D:11)
  A manticore (D:11)
  3 orc sorcerers (Orc:1)
  2 ugly things
  2 cyclopes
  A centaur zombie (D:11)
  Maurice (D:11)
  A shadow (Lab)
  3 yaks (D:11)
  4 wraiths (Orc:2)
  A wyvern (D:10)
  Grum (D:11)
  A basilisk (D:11)
  A steam dragon (D:9)
  6 hungry ghosts
  3 wargs
  An acid dragon (D:11)
  19 orc warriors
  3 black bears
  A phantom (D:9)
  2 ice beasts
  2 sky beasts
  7 ogres
  3 wolves
  6 centaurs
  A big kobold (D:9)
  9 bullfrogs
  7 scorpions
  6 killer bees (D:10)
  4 wights (D:10)
  5 howler monkeys
  4 crimson imps
  3 bullfrog zombies
  2 quasits
  2 bullfrog skeletons
  9 hounds
  12 orc priests
  A jelly (D:11)
  25 orc wizards
  8 worker ants
  A big kobold zombie (Ossuary)
  3 hound skeletons
  9 mummies
  2 worker ant zombies
  A howler monkey skeleton (D:5)
  11 gnolls
  20 adders
  2 shadow imps
  4 oozes
  An adder zombie (D:5)
  2 adder skeletons (D:7)
  A worm (D:2)
  2 dart slugs (D:1)
  5 leopard geckos
  66 orcs
  2 ball pythons
  2 bat zombies (D:3)
  4 giant cockroaches
  2 gnoll zombies (Ossuary)
  11 goblins
  8 hobgoblins
  6 jackals
  8 kobolds
  2 quokkas
  13 bats
  9 frilled lizards
  2 hobgoblin zombies
  2 kobold zombies
  A leopard gecko skeleton (D:5)
  3 orc zombies (Ossuary)
  8 rats
  A rat zombie (D:3)
397 creatures vanquished.

Vanquished Creatures (collateral kills)
  A hound (D:4)
  An adder (D:4)
  A quokka skeleton (D:4)
3 creatures vanquished.

Vanquished Creatures (others)
  A bat (D:7)
  6 fungi (D:7)
  2 plants
9 creatures vanquished.

Grand Total: 409 creatures vanquished

Notes
Turn   | Place    | Note
-------+----------+-------------------------------------------
     0 | D:1      | Amnesiac the Mummy Earth Elementalist began the quest for the Orb.
     0 | D:1      | Reached XP level 1. HP: 13/13 MP: 4/4
   156 | D:2      | Reached XP level 2. HP: 15/19 MP: 0/5
   200 | D:3      | Found a snail-covered altar of Cheibriados.
   436 | D:3      | Reached XP level 3. HP: 6/24 MP: 5/7
   610 | D:3      | Learned a level 2 spell: Passwall
   614 | D:3      | Learned a level 3 spell: Stone Arrow
  1022 | D:3      | Reached XP level 4. HP: 30/30 MP: 6/9
  1174 | D:4      | Reached XP level 5. HP: 27/35 MP: 5/10
  1207 | D:4      | Got a twisted chain mail
  1352 | D:4      | Found a blossoming altar of Fedhas.
  1418 | D:4      | Learned a level 4 spell: Petrify
  1499 | D:4      | Learned a level 1 spell: Summon Small Mammal
  2046 | D:4      | Reached XP level 6. HP: 40/41 MP: 4/12
  2181 | D:4      | Found a glowing golden altar of the Shining One.
  2181 | D:4      | Found a stormy altar of Qazlal.
  2396 | D:5      | Entered Level 5 of the Dungeon
  2623 | D:5      | Noticed an ice beast
  2910 | D:5      | Reached skill level 5 in Spellcasting
  2910 | D:5      | Reached skill level 5 in Earth Magic
  3099 | D:5      | Reached XP level 7. HP: 46/46 MP: 4/14
  3173 | D:5      | Found a staircase to the Ecumenical Temple.
  3190 | D:5      | Identified the +5 chain mail of Maopamao {+Inv Regen+} (You found it on level 4 of the Dungeon)
  3461 | Temple   | Entered the Ecumenical Temple
  3653 | Temple   | Became a worshipper of Vehumet
  4013 | D:2      | Noticed a hand axe
  4014 | D:2      | Noticed a hand axe
  4019 | D:2      | Found a hide-covered altar of Uskayaw.
  4597 | D:1      | Reached * piety under Vehumet
  4597 | D:1      | Offered knowledge of Freeze by Vehumet.
  5138 | D:2      | Found an opulent altar of Gozag.
  5462 | D:2      | Found a faded altar of an unknown god.
  6165 | D:3      | Found a sacrificial altar of Ru.
  6336 | D:3      | Offered knowledge of Sting by Vehumet.
  6563 | D:3      | Reached ** piety under Vehumet
  6584 | D:3      | Found an ancient bone altar of Kikubaaqudgha.
  6883 | D:5      | Reached skill level 1 in Evocations
  7293 | D:6      | Reached XP level 8. HP: 52/52 MP: 17/17
  7447 | D:6      | Reached skill level 1 in Fighting
  7561 | D:6      | Found a sparkling altar of Nemelex Xobeh.
  8723 | D:7      | Offered knowledge of Conjure Flame by Vehumet.
  8804 | D:7      | Learned a level 5 spell: Lee's Rapid Deconstruction
  9334 | D:7      | Reached XP level 9. HP: 59/63 MP: 15/19
  9387 | D:7      | Found a large runed door.
  9387 | D:7      | Found a large runed door.
  9392 | D:7      | Noticed emiel's ghost (novice TrWz)
  9572 | D:7      | Reached *** piety under Vehumet
  9747 | D:8      | Offered knowledge of Olgreb's Toxic Radiance by Vehumet.
  9842 | D:8      | Found Oteyg's Antique Weapon Shoppe.
  9901 | D:8      | Found a sand-covered staircase.
  9907 | Ossuary  | Entered an ossuary
 10515 | D:8      | Found a white marble altar of Elyvilon.
 10876 | D:7      | Reached **** piety under Vehumet
 10983 | D:9      | Found a bloodstained altar of Trog.
 11770 | D:10     | Entered Level 10 of the Dungeon
 11770 | D:10     | Found a staircase to the Orcish Mines.
 11770 | D:10     | Noticed a purple ugly thing
 11775 | D:9      | Offered knowledge of Static Discharge by Vehumet.
 11861 | D:10     | Reached XP level 10. HP: 65/71 MP: 11/22
 11937 | D:10     | Noticed a two-headed ogre
 11950 | D:10     | Killed a two-headed ogre
 12327 | D:10     | Killed a purple ugly thing
 12503 | D:10     | Found Nuimait's Antique Armour Boutique.
 12522 | D:10     | Noticed Gastronok
 12569 | D:10     | Reached ***** piety under Vehumet
 12716 | D:10     | Killed Gastronok
 12716 | D:10     | Offered knowledge of Fireball by Vehumet.
 12716 | D:10     | Reached skill level 10 in Spellcasting
 12716 | D:10     | Reached skill level 10 in Earth Magic
 13020 | D:11     | Noticed Harold
 13039 | D:11     | Noticed Grum
 13039 | D:11     | Noticed a manticore
 13269 | D:11     | Reached XP level 11. HP: 63/77 MP: 21/25
 13356 | D:11     | Noticed a white ugly thing
 13376 | D:10     | Killed Harold
 13904 | D:10     | Killed an unseen horror
 14287 | D:11     | Killed a white ugly thing
 14360 | D:11     | Reached skill level 1 in Shields
 14561 | D:11     | Killed Grum
 14894 | D:11     | Noticed Maurice
 14902 | D:11     | Killed Maurice
 14987 | D:11     | Noticed an oklob plant
 14990 | D:11     | Found a staircase to the Lair.
 14992 | D:11     | Noticed an oklob plant
 14998 | D:11     | Killed an oklob plant
 15719 | D:11     | Killed an oklob plant
 16199 | Orc:1    | Entered Level 1 of the Orcish Mines
 16208 | Orc:1    | Noticed an orc sorcerer
 16212 | Orc:1    | Killed an orc sorcerer
 16588 | Orc:1    | Noticed an orc sorcerer
 16588 | Orc:1    | Paralysed by an orc sorcerer for 7 turns
 16592 | Orc:1    | Noticed an orc sorcerer
 16598 | Orc:1    | Killed an orc sorcerer
 16604 | Orc:1    | Killed an orc sorcerer
 16903 | Orc:1    | Found Catir's Jewellery Shoppe.
 17002 | Orc:2    | Entered Level 2 of the Orcish Mines
 17044 | Orc:2    | Reached XP level 12. HP: 76/83 MP: 10/28
 17293 | Orc:2    | Found a labyrinth entrance.
 17300 | Orc:2    | Noticed Josephine
 17305 | Lab      | Entered a labyrinth
 17603 | Lab      | Noticed a minotaur
 17610 | Lab      | Killed a minotaur
 17612 | Lab      | Got a pitted whip
 17711 | Orc:2    | Killed Josephine
 17732 | Orc:2    | Noticed an orc high priest
 17736 | Orc:2    | Killed an orc high priest
 17736 | Orc:2    | Offered knowledge of Irradiate by Vehumet.
 17751 | Orc:2    | Noticed an orc high priest
 17765 | Orc:2    | Killed an orc high priest
 17780 | Orc:2    | Noticed an orc warlord
 18174 | Orc:2    | Learned a level 5 spell: Irradiate
 18279 | Orc:2    | Found a staircase to the Elven Halls.
 18909 | Orc:2    | Slain by an orc warlord

Vault maps used:
D:1:      evilmike_arrival_rings, minmay_misc_feat_square, eino_curves_04
D:2:      dancing_weapons_uskayaw, chequers_ecumenical_altar_lobes,
          roderic_st_hans_cross, nicolae_gozag_seed_capital
D:3:      overflow_temple_1_default, lemuel_zombie_altar_kikubaaqudgha,
          cheibriados_altar_1, first_ration
D:4:      gammafunk_temple_overflow_statue, fedhas_altar_2
D:5:      minmay_temple_entry_butterflies, roderic_lattice_a
D:6:      nemelex_xobeh_ov_fountains_minmay
D:7:      old_forge, ebering_ghost_disaster_area, minmay_misc_feat_iff
D:8:      kennysheep_little_box, nicolae_ossuary_entry_giza, serial_shops,
          nicolae_shop_waterfront
D:9:      lemuel_crystal_altar, blue_anna_alchemist, grunt_decor_one_mirror
D:10:     david_orc_3, serial_shops, nicolae_shop_waterfront, uniq_gastronok
D:11:     dpeg_oklobed_lair, uniq_harold, uniq_grum, uniq_maurice
Temple:   nicolae_temple_figure_eight
Orc:1:    serial_shops, shop
Orc:2:    st_orc_congregation, lab_entry_generic, uniq_josephine
Lab:      nicolae_lab_very_dead_end, nicolae_lab_hexagon,
          labyrinth_skeletal_remains, nicolae_lab_arrow
Ossuary:  ossuary_tomb_3

Skill      XL: |  1  2  3  4  5  6  7  8  9 10 11 12 |
---------------+-------------------------------------+-----
Earth Magic    | 3 4 5 6 8 10 12 13 | 13.0
Spellcasting   | 3 4 5 6 8 10 12 13 | 13.0
Dodging        | 2 3 4 |  4.0
Evocations     | 3 4 |  4.0
Fighting       | 3 4 |  4.0
Shields        | 3 4 |  4.0
Stealth        | |  1.5
Transmutations | |  0.7

Action                   |  1- 3 |  4- 6 |  7- 9 | 10-12 || total
-------------------------+-------+-------+-------+-------++-------
Melee: Club              |    22 |       |       |       ||    22
       Dagger            |    39 |   103 |       |       ||   142
       Halberd           |       |    19 |   100 |       ||   119
       Great mace        |       |       |   496 |       ||   496
 Fire: Hunting sling     |       |       |   253 |       ||   253
       Fustibalus        |       |       |   234 |   278 ||   512
       Shortbow          |       |       |    42 |       ||    42
Throw: Stone             |       |     1 |     5 |       ||     6
 Cast: Sandblast         |    17 |    53 |    62 |    59 ||   191
       Stone Arrow       |     1 |     2 |    18 |       ||    21
       Summon Small Mamm |       |    16 |     4 |       ||    20
       Passwall          |       |     1 |     2 |     7 ||    10
       Petrify           |       |     1 |     1 |       ||     2
       Lee's Rapid Decon |       |       |    10 |   142 ||   152
 Abil: Evoke Invisibilit |       |       |     4 |       ||     4
Evoke: Wand              |       |     1 |     6 |    13 ||    20
  Use: Scroll            |       |       |    17 |     9 ||    26
 Stab: Sleeping          |     1 |     2 |       |       ||     3
       Invisible         |       |       |     5 |       ||     5
Armor: Robe              |     8 |    12 |       |       ||    20
       Chain mail        |       |       |   950 |       ||   950
       Leather armour    |       |       |    46 |    18 ||    64
       Skin              |       |       |     1 |       ||     1
       Acid dragon scale |       |       |       |    22 ||    22
       Ring mail         |       |       |       |    13 ||    13
Dodge: Dodged            |    45 |   121 |   580 |   163 ||   909
Block: Buckler           |       |       |       |    24 ||    24

Table legend:
 A = Spawn XP
 B = Non-spawn XP
 C = Spawn XP percentage of total XP
 D = Spawn monster count
 E = Non-spawn monster count
 F = Spawn count percentage of total count
 G = Total turns spent on level
                    A         B        C        D         E        F      G
               +---------+---------+-------+---------+---------+-------+---------
         Total |       0 |   30899 |   0.0 |       0 |     400 |   0.0 | 18909
               +---------+---------+-------+---------+---------+-------+---------
           D:1 |       0 |      50 |   0.0 |       0 |      25 |   0.0 |  1039
           D:2 |       0 |     130 |   0.0 |       0 |      29 |   0.0 |  1157
           D:3 |       0 |     132 |   0.0 |       0 |      28 |   0.0 |  1864
           D:4 |       0 |     344 |   0.0 |       0 |      16 |   0.0 |  1381
           D:5 |       0 |     571 |   0.0 |       0 |      22 |   0.0 |  1535
           D:6 |       0 |     906 |   0.0 |       0 |      21 |   0.0 |  1293
           D:7 |       0 |    1295 |   0.0 |       0 |      30 |   0.0 |  1580
           D:8 |       0 |     773 |   0.0 |       0 |      18 |   0.0 |   557
           D:9 |       0 |     896 |   0.0 |       0 |       9 |   0.0 |   849
          D:10 |       0 |    7345 |   0.0 |       0 |      47 |   0.0 |  2030
          D:11 |       0 |    6478 |   0.0 |       0 |      33 |   0.0 |  2337
         Orc:1 |       0 |    2294 |   0.0 |       0 |      16 |   0.0 |  1016
         Orc:2 |       0 |    7679 |   0.0 |       0 |      86 |   0.0 |  1297
           Lab |       0 |    1826 |   0.0 |       0 |       4 |   0.0 |   397
       Ossuary |       0 |     180 |   0.0 |       0 |      16 |   0.0 |   367
               +---------+---------+-------+---------+---------+-------+---------
